NCAA
XAVIER MUSKETEERS @ TEXAS CHRISTIAN HORNED FROGS
04/23/2030
 
TOP OF THE 1ST
Xavier Musketeers batting - Pitching for Texas Christian Horned Frogs : RHP Steve Frean
Pitching: RHP Steve Frean
Batting: RHB Dillon Farley 0-0: Called Strike
0-1: Ball
1-1: DOUBLE (Groundball, 5L)
Batting: RHB Edmund Kline 0-0: Ball
1-0: Ball
2-0: Swinging Strike
2-1: Swinging Strike
2-2: Strikes out swinging
Batting: SHB Orlando Lópes 0-0: Ball
1-0: Ball
2-0: Ball
3-0: Base on Balls
Batting: LHB Bobby Ryan 0-0: Called Strike
0-1: Ball
1-1: DOUBLE (Line Drive, 89XD)
Dillon Farley scores
Orlando Lópes to third
Runner from 3rd tries for Home, SAFE, no throw
Batting: RHB Floyd Reynolds 0-0: Ball
1-0: Foul Ball, location: 2F
1-1: Ball
2-1: Ball
3-1: Swinging Strike
3-2: Foul Ball, location: 2F
3-2: Base on Balls
Batting: RHB Greg Richards 0-0: Ball
1-0: Foul Ball, location: 2F
1-1: SINGLE (Groundball, 56D)
Bobby Ryan to third
Floyd Reynolds to second
Batting: LHB Duncan Sharp 0-0: Called Strike
0-1: Ball
1-1: SINGLE (Groundball, 4) (infield hit)
Bobby Ryan scores
Floyd Reynolds to third
Greg Richards to second
Batting: RHB Aaron Keller 0-0: Foul Ball, location: 2F
0-1: DOUBLE (Line Drive, 9LS)
Floyd Reynolds scores
Greg Richards scores
Duncan Sharp to third
Batting: RHB Albert Smedley 0-0: Called Strike
0-1: SINGLE (Flyball, 7LM)
Duncan Sharp scores
Aaron Keller to third
Batting: RHB Dillon Farley 0-0: Called Strike
Albert Smedley steals 2nd base
0-1: Ball
1-1: SINGLE (Groundball, 56D)
Aaron Keller scores
Albert Smedley to third
Batting: RHB Edmund Kline 0-0: Called Strike
Dillon Farley steals 2nd base
0-1: Ball
1-1: Fly out, F4 (Line Drive, 4)
Batting: SHB Orlando Lópes 0-0: Ball
1-0: Ball
2-0: Foul Ball, location: 2F
2-1: Ball
3-1: Base on Balls
Batting: LHB Bobby Ryan 0-0: Ball
1-0: Swinging Strike
1-1: Foul Ball, location: 2F
1-2: Fly out, F7 (Line Drive, 7)
Top of the 1st over - 7 runs, 7 hits, 0 errors, 3 left on base; Xavier 7 - Texas Christian 0
BOTTOM OF THE 1ST
Texas Christian Horned Frogs batting - Pitching for Xavier Musketeers : RHP Scott Young
Pitching: RHP Scott Young
Batting: RHB Stanton Collins 0-0: Foul Ball, location: 2F
0-1: Fly out, F9 (Line Drive, 9D)
Batting: LHB José Martínez 0-0: Ball
1-0: Swinging Strike
1-1: Ball
2-1: Foul Ball, location: 2F
2-2: Ball
3-2: Fly out, F5 (Line Drive, 5L)
Batting: LHB Perry Hayward 0-0: Swinging Strike
0-1: Ground out 1-3 (Groundball, 15)
Bottom of the 1st over - 0 runs, 0 hits, 0 errors, 0 left on base; Xavier 7 - Texas Christian 0
TOP OF THE 2ND
Xavier Musketeers batting - Pitching for Texas Christian Horned Frogs : RHP Steve Frean
Batting: RHB Floyd Reynolds 0-0: SINGLE (Flyball, 8LS)
Batting: RHB Greg Richards 0-0: Called Strike
0-1: Ball
1-1: Fielders Choice at 2nd, 5-4 (Groundball, 5)
Batting: LHB Duncan Sharp 0-0: Called Strike
0-1: Swinging Strike
0-2: Strikes out swinging
Batting: RHB Aaron Keller 0-0: Swinging Strike
0-1: Foul Ball, location: 2F
0-2: Ball
1-2: Fly out, F8 (Flyball, 8LD)
Top of the 2nd over - 0 runs, 1 hit, 0 errors, 1 left on base; Xavier 7 - Texas Christian 0
BOTTOM OF THE 2ND
Texas Christian Horned Frogs batting - Pitching for Xavier Musketeers : RHP Scott Young
Batting: LHB Peter Smith 0-0: Foul Ball, location: 2F
0-1: Ball
1-1: Ground out 1-3 (Groundball, 15S)
Batting: LHB Fernando Medina 0-0: Called Strike
0-1: Swinging Strike
0-2: Ground out 6-3 (Groundball, 6)
Batting: RHB José Sandoval 0-0: Fly out, F6 (Popup, 6MS)
Bottom of the 2nd over - 0 runs, 0 hits, 0 errors, 0 left on base; Xavier 7 - Texas Christian 0
TOP OF THE 3RD
Xavier Musketeers batting - Pitching for Texas Christian Horned Frogs : RHP Steve Frean
Batting: RHB Albert Smedley 0-0: SINGLE (Flyball, 8LS)
Batting: RHB Dillon Farley 0-0: Ball
1-0: Called Strike
1-1: Called Strike
1-2: SINGLE (Flyball, 89S)
Albert Smedley to second
Runner from 2nd tries for 3rd, SAFE, no throw
Batting: RHB Edmund Kline 0-0: Ball
1-0: Ball
2-0: Called Strike
2-1: SINGLE (Line Drive, 6M)
Albert Smedley scores
Dillon Farley to second
Batting: SHB Orlando Lópes 0-0: Ball
1-0: Ball
2-0: Foul Ball, location: 2F
2-1: Ball
3-1: Foul Ball, location: 2F
3-2: SINGLE (Flyball, 89M)
Dillon Farley to third
Edmund Kline to second
Batting: LHB Bobby Ryan 0-0: Ball
1-0: Swinging Strike
1-1: Swinging Strike
1-2: Ball
2-2: Foul Ball, location: 2F
2-2: Ball
3-2: Base on Balls
Dillon Farley scores
Edmund Kline to third
Orlando Lópes to second
Pitching: RHP Dennis Nicholas
Batting: RHB Floyd Reynolds 0-0: Foul Ball, location: 2F
0-1: Foul Ball, location: 2F
0-2: Ball
1-2: Strikes out swinging
Batting: RHB Greg Richards 0-0: Called Strike
0-1: Foul Ball, location: 2F
0-2: SINGLE (Flyball, 89M)
Edmund Kline scores
Orlando Lópes to third
Bobby Ryan to second
Runner from 3rd tries for Home, SAFE, no throw
Batting: LHB Duncan Sharp 0-0: Called Strike
0-1: Ball
1-1: Ball
2-1: Ball
3-1: Base on Balls
Bobby Ryan to third
Greg Richards to second
Batting: RHB Aaron Keller 0-0: Swinging Strike
0-1: Swinging Strike
0-2: Foul Ball, location: 2F
0-2: Foul Ball, location: 2F
0-2: Ball
1-2: SINGLE (Groundball, 4MD)
Bobby Ryan scores
Greg Richards to third
Duncan Sharp to second
Runner from 3rd tries for Home, SAFE, no throw
Batting: RHB Albert Smedley 0-0: Ball
1-0: Foul Ball, location: 2F
1-1: Swinging Strike
1-2: Foul Ball, location: 2F
1-2: Ball
2-2: Strikes out looking
Batting: RHB Dillon Farley 0-0: Ball
1-0: Foul Ball, location: 2F
1-1: Foul Ball, location: 2F
1-2: Strikes out swinging
Top of the 3rd over - 6 runs, 6 hits, 0 errors, 2 left on base; Xavier 13 - Texas Christian 0
BOTTOM OF THE 3RD
Texas Christian Horned Frogs batting - Pitching for Xavier Musketeers : RHP Scott Young
Batting: LHB Joaquín Trejo 0-0: Ball
1-0: SINGLE (Groundball, 4MD)
Batting: LHB Donald Armstrong 0-0: Called Strike
0-1: Ball
1-1: Ball
2-1: SINGLE (Line Drive, 6MD)
Joaquín Trejo to second
Batting: RHB Arthur Salyers 0-0: Ball
1-0: Foul Ball, location: 2F
1-1: Ball
2-1: Called Strike
2-2: Foul Ball, location: 2F
2-2: Foul Ball, location: 2F
2-2: Strikes out swinging
Batting: RHB Stanton Collins 0-0: Ball
1-0: Ball
2-0: Called Strike
2-1: Ball
3-1: Fly out, F8 (Flyball, 89S)
Batting: LHB José Martínez 0-0: Called Strike
0-1: Foul Ball, location: 2F
0-2: Foul Ball, location: 2F
0-2: Ball
1-2: Fly out, F4 (Popup, 4D)
Bottom of the 3rd over - 0 runs, 2 hits, 0 errors, 2 left on base; Xavier 13 - Texas Christian 0
TOP OF THE 4TH
Xavier Musketeers batting - Pitching for Texas Christian Horned Frogs : RHP Dennis Nicholas
Batting: RHB Edmund Kline 0-0: SINGLE (Line Drive, 8LS)
Batting: SHB Orlando Lópes 0-0: Fielders Choice at 2nd, 6-4 (Groundball, 6)
Batting: LHB Bobby Ryan 0-0: Called Strike
0-1: Ball
1-1: Fly out, F8 (Flyball, 8LD)
Batting: RHB Floyd Reynolds 0-0: Called Strike
0-1: Swinging Strike
0-2: Strikes out swinging
Top of the 4th over - 0 runs, 1 hit, 0 errors, 1 left on base; Xavier 13 - Texas Christian 0
BOTTOM OF THE 4TH
Texas Christian Horned Frogs batting - Pitching for Xavier Musketeers : RHP Scott Young
Batting: LHB Perry Hayward 0-0: Ball
1-0: Ball
2-0: Called Strike
2-1: Swinging Strike
2-2: Foul Ball, location: 2F
2-2: Strikes out looking
Batting: LHB Peter Smith 0-0: Ball
1-0: Ball
2-0: Foul Ball, location: 2F
2-1: Fly out, F8 (Flyball, 8RD)
Batting: LHB Fernando Medina 0-0: Ball
1-0: Ball
2-0: Ball
3-0: Foul Ball, location: 2F
3-1: Base on Balls
Batting: RHB José Sandoval 0-0: Called Strike
0-1: SINGLE (Groundball, 6MD)
Fernando Medina to second
Runner from 2nd tries for 3rd, SAFE, throw made to third
Batting: LHB Joaquín Trejo 0-0: Ball
1-0: Called Strike
1-1: Reached on error, E7 (Flyball, 7)
Fernando Medina scores
José Sandoval to third
Batting: LHB Donald Armstrong 0-0: Called Strike
0-1: Swinging Strike
0-2: Ball
1-2: Strikes out swinging
Bottom of the 4th over - 1 run, 1 hit, 1 error, 2 left on base; Xavier 13 - Texas Christian 1
TOP OF THE 5TH
Xavier Musketeers batting - Pitching for Texas Christian Horned Frogs : RHP Dennis Nicholas
Batting: RHB Greg Richards 0-0: Foul Ball, location: 2F
0-1: Swinging Strike
0-2: Ball
1-2: Foul Ball, location: 2F
1-2: Foul Ball, location: 2F
1-2: Strikes out swinging, 2-3 out at first.
Batting: LHB Duncan Sharp 0-0: Called Strike
0-1: Swinging Strike
0-2: Ball
1-2: Strikes out swinging
Batting: RHB Aaron Keller 0-0: Ball
1-0: Called Strike
1-1: Ground out 6-3 (Groundball, 6)
Top of the 5th over - 0 runs, 0 hits, 0 errors, 0 left on base; Xavier 13 - Texas Christian 1
BOTTOM OF THE 5TH
Texas Christian Horned Frogs batting - Pitching for Xavier Musketeers : RHP Scott Young
Batting: RHB Arthur Salyers 0-0: Ball
1-0: Swinging Strike
1-1: DOUBLE (Flyball, 78D)
Batting: RHB Stanton Collins 0-0: Ball
1-0: Swinging Strike
1-1: Ball
2-1: Swinging Strike
2-2: Foul Ball, location: 2F
2-2: Strikes out swinging
Batting: LHB José Martínez 0-0: Foul Ball, location: 2F
0-1: Ball
1-1: Foul Ball, location: 2F
1-2: Ball
2-2: Strikes out swinging
Batting: LHB Perry Hayward 0-0: Called Strike
0-1: Ground out 5-3 (Groundball, 56)
Bottom of the 5th over - 0 runs, 1 hit, 0 errors, 1 left on base; Xavier 13 - Texas Christian 1
TOP OF THE 6TH
Xavier Musketeers batting - Pitching for Texas Christian Horned Frogs : RHP Dennis Nicholas
Batting: RHB Albert Smedley 0-0: Ball
1-0: DOUBLE (Line Drive, 89M)
Batting: RHB Dillon Farley 0-0: Ball
Albert Smedley steals 3rd base
1-0: Swinging Strike
1-1: Ball
2-1: Called Strike
2-2: Ball
3-2: Foul Ball, location: 2F
3-2: Strikes out swinging
Pitching: LHP Larry Mountjoy
Batting: RHB Edmund Kline 0-0: Fly out, F5 (Popup, 15)
Batting: SHB Orlando Lópes 0-0: Ball
1-0: Called Strike
1-1: Foul Ball, location: 2F
1-2: SINGLE (Groundball, 56D)
Albert Smedley scores
Batting: LHB Bobby Ryan 0-0: SINGLE (Line Drive, 56)
Orlando Lópes to second
Batting: RHB Floyd Reynolds 0-0: Called Strike
0-1: Ball
1-1: Ball
2-1: Ball
3-1: Swinging Strike
3-2: SINGLE (Groundball, 4D)
Orlando Lópes to third
Bobby Ryan to second
Orlando Lópes scores
Bobby Ryan to third
Batting: RHB Greg Richards 0-0: DOUBLE (Flyball, 8LD)
Bobby Ryan scores
Floyd Reynolds to third
Batting: LHB Duncan Sharp 0-0: Ball
1-0: Ball
2-0: Fly out, F9 (Flyball, 9)
Top of the 6th over - 3 runs, 5 hits, 0 errors, 2 left on base; Xavier 16 - Texas Christian 1
BOTTOM OF THE 6TH
Texas Christian Horned Frogs batting - Pitching for Xavier Musketeers : RHP Scott Young
Pitching: LHP José Cabrera
Batting: LHB Peter Smith 0-0: Foul Ball, location: 2F
0-1: Called Strike
0-2: Ball
1-2: SINGLE (Flyball, 78M)
Batting: LHB Fernando Medina 0-0: Ball
1-0: Swinging Strike
1-1: 2-RUN HOME RUN (Line Drive, 9LD), Distance : 361 ft
Batting: RHB José Sandoval 0-0: Ball
1-0: Foul Ball, location: 2F
1-1: Ball
2-1: Swinging Strike
2-2: Ball
3-2: Base on Balls
Batting: LHB Joaquín Trejo 0-0: Called Strike
0-1: Fly out, F7 (Flyball, 7)
Batting: LHB Donald Armstrong 0-0: Ball
1-0: Ground out 3-1 (Groundball, 34S)
José Sandoval to second
Batting: RHB Arthur Salyers 0-0: Called Strike
0-1: Ball
Wild Pitch!
José Sandoval to third
1-1: Ball
2-1: Ball
3-1: Foul Ball, location: 2F
3-2: Strikes out swinging
Bottom of the 6th over - 2 runs, 2 hits, 0 errors, 1 left on base; Xavier 16 - Texas Christian 3
TOP OF THE 7TH
Xavier Musketeers batting - Pitching for Texas Christian Horned Frogs : LHP Larry Mountjoy
Batting: RHB Aaron Keller 0-0: Ground out 5-3 (Groundball, 56)
Batting: RHB Albert Smedley 0-0: Ball
1-0: Ball
2-0: Foul Ball, location: 2F
2-1: Ball
3-1: Foul Ball, location: 2F
3-2: Strikes out swinging
Batting: RHB Dillon Farley 0-0: Called Strike
0-1: Ball
1-1: Ball
2-1: Reached on error, E4 (Groundball, 4)
Batting: RHB Edmund Kline 0-0: Called Strike
0-1: Ball
1-1: Foul Ball, location: 2F
1-2: Foul Ball, location: 2F
1-2: Ball
2-2: Ball
3-2: 2-RUN HOME RUN (Flyball, 7D), Distance : 416 ft
Batting: SHB Orlando Lópes 0-0: Foul Ball, location: 2F
0-1: Ball
1-1: Foul Ball, location: 2F
1-2: Ball
2-2: Fly out, F8 (Flyball, 8RD)
Top of the 7th over - 2 runs, 1 hit, 1 error, 0 left on base; Xavier 18 - Texas Christian 3
BOTTOM OF THE 7TH
Texas Christian Horned Frogs batting - Pitching for Xavier Musketeers : LHP José Cabrera
Batting: RHB Stanton Collins 0-0: Called Strike
0-1: Ball
1-1: SINGLE (Groundball, 56D)
Batting: LHB José Martínez 0-0: Ball
1-0: Foul Ball, location: 2F
1-1: Swinging Strike
1-2: Ball
2-2: Ball
3-2: Fly out, F7 (Line Drive, 7)
Batting: LHB Perry Hayward 0-0: Ball
Stanton Collins steals 2nd base
1-0: Foul Ball, location: 2F
1-1: Foul Ball, location: 2F
1-2: Ground out U3 (Groundball, 3L)
Stanton Collins to third
Batting: LHB Peter Smith 0-0: Ball
1-0: Ground out 4-3 (Groundball, 4)
Bottom of the 7th over - 0 runs, 1 hit, 0 errors, 1 left on base; Xavier 18 - Texas Christian 3
TOP OF THE 8TH
Xavier Musketeers batting - Pitching for Texas Christian Horned Frogs : LHP Larry Mountjoy
Batting: LHB Bobby Ryan 0-0: SINGLE (Flyball, 9LS)
Batting: RHB Floyd Reynolds 0-0: Ball
1-0: Swinging Strike
1-1: Swinging Strike
1-2: Ball
2-2: Foul Ball, location: 2F
2-2: Strikes out looking
Batting: RHB Greg Richards 0-0: Ball
1-0: Ball
2-0: Ball
3-0: Base on Balls
Bobby Ryan to second
Batting: LHB Duncan Sharp 0-0: Fly out, F8 (Flyball, 89D)
Runner from 2nd tags up, SAFE at 3rd, no throw
Batting: RHB Aaron Keller 0-0: Ball
1-0: Ball
2-0: Ball
3-0: Called Strike
3-1: Foul Ball, location: 2F
3-2: 3-RUN HOME RUN (Flyball, 7LD), Distance : 390 ft
Batting: RHB Albert Smedley 0-0: Ball
1-0: Called Strike
1-1: Swinging Strike
1-2: Foul Ball, location: 2F
1-2: TRIPLE (Line Drive, 78XD)
Batting: RHB Dillon Farley 0-0: Called Strike
0-1: Called Strike
0-2: Ball
1-2: Ball
2-2: Ball
3-2: Fly out, F8 (Flyball, 8LS)
Top of the 8th over - 3 runs, 3 hits, 0 errors, 1 left on base; Xavier 21 - Texas Christian 3
BOTTOM OF THE 8TH
Texas Christian Horned Frogs batting - Pitching for Xavier Musketeers : LHP José Cabrera
Batting: LHB Fernando Medina 0-0: Ball
1-0: Ball
2-0: Swinging Strike
2-1: Foul Ball, location: 2F
2-2: Ball
3-2: Foul Ball, location: 2F
3-2: Foul Ball, location: 2F
3-2: Fly out, F9 (Flyball, 89S)
Batting: RHB José Sandoval 0-0: Called Strike
0-1: Ball
1-1: SINGLE (Flyball, 78M)
Batting: LHB Joaquín Trejo 0-0: Ball
1-0: Ball
2-0: Swinging Strike
2-1: Ball
3-1: Called Strike
3-2: Foul Ball, location: 2F
3-2: Foul Ball, location: 2F
3-2: Foul Ball, location: 2F
3-2: 2-RUN HOME RUN (Flyball, 9LD), Distance : 360 ft
Batting: LHB Donald Armstrong 0-0: Called Strike
0-1: Ball
1-1: Foul Ball, location: 2F
1-2: Ball
2-2: Ball
3-2: Foul Ball, location: 2F
3-2: Base on Balls
Pitching: RHP Harrison Dillon
Batting: RHB Arthur Salyers 0-0: Ball
1-0: Ball
2-0: Foul Ball, location: 2F
2-1: Reached on error, E1 (Groundball, 13S)
Donald Armstrong to second
Batting: RHB Stanton Collins 0-0: Ball
1-0: Foul Ball, location: 2F
1-1: Ground out 3-1 (Groundball, 34S)
Donald Armstrong to third
Arthur Salyers to second
Batting: LHB José Martínez 0-0: Called Strike
0-1: SINGLE (Line Drive, 34)
Donald Armstrong scores
Arthur Salyers to third
Runner from 3rd tries for Home, SAFE, throw made home
Batting: LHB Perry Hayward 0-0: Ball
1-0: Ball
2-0: Called Strike
2-1: Foul Ball, location: 2F
2-2: Ground out 4-3 (Groundball, 4)
Bottom of the 8th over - 4 runs, 3 hits, 1 error, 1 left on base; Xavier 21 - Texas Christian 7
TOP OF THE 9TH
Xavier Musketeers batting - Pitching for Texas Christian Horned Frogs : LHP Larry Mountjoy
Pitching: RHP Liam Cameron
Now at 2B: Lee Elliott
Batting: RHB Edmund Kline 0-0: Ground out 6-3 (Groundball, 6M)
Batting: SHB Orlando Lópes 0-0: Swinging Strike
0-1: Swinging Strike
0-2: Foul Ball, location: 2F
0-2: Ball
1-2: Ball
2-2: Foul Ball, location: 2F
2-2: Fly out, F7 (Flyball, 7LSF)
Batting: LHB Bobby Ryan 0-0: Ball
1-0: Ball
2-0: Ball
3-0: Base on Balls
Batting: RHB Floyd Reynolds 0-0: Called Strike
0-1: Called Strike
0-2: Strikes out looking
Top of the 9th over - 0 runs, 0 hits, 0 errors, 1 left on base; Xavier 21 - Texas Christian 7
BOTTOM OF THE 9TH
Texas Christian Horned Frogs batting - Pitching for Xavier Musketeers : RHP Harrison Dillon
Batting: LHB Peter Smith 0-0: Swinging Strike
0-1: Foul Ball, location: 2F
0-2: Strikes out swinging
Batting: LHB Fernando Medina 0-0: Ball
1-0: Ball
2-0: Swinging Strike
2-1: Fly out, F9 (Flyball, 89M)
Batting: RHB José Sandoval 0-0: Fly out, F3 (Line Drive, 34)
Bottom of the 9th over - 0 runs, 0 hits, 0 errors, 0 left on base; Xavier 21 - Texas Christian 7
Saturday, April 7th, 2018 - OOTP Baseball 18.8 Build 76